 Dungeon Crawl Stone Soup version 0.18.1-1-g2f07953 (webtiles) character file.

60 IcyTea the Gusty (level 4, 0/39 HPs)
             Began as an Ogre Air Elementalist on May 7, 2016.
             Slain by a rat (1 damage)
             ... on level 2 of the Dungeon.
             The game lasted 00:07:47 (1468 turns).

IcyTea the Gusty (Ogre Air Elementalist)            Turns: 1468, Time: 00:07:47

Health: 0/39       AC:  3    Str: 12 (14) XL:     4   Next: 4%
Magic:  1/7        EV:  9    Int: 11 (14) God:
Gold:   88         SH:  0    Dex:  8 (10) Spells: 2 memorised, 4 levels left

rFire  . . .     SeeInvis .     j - +0 mace
rCold  . . .     Gourm    .     a - +0 robe
rNeg   . . .     Faith    .     (no shield)
rPois  .         Spirit   .     (helmet restricted)
rElec  .         Dismiss  .     (no cloak)
rCorr  .         Reflect  .     (gloves unavailable)
SustAt .         Harm     .     (boots unavailable)
MR     .....                    (no amulet)
Stlth  +.........               (no ring)
                                (no ring)

@: not resistant to hostile enchantments, very unstealthy
A: unfitting armour, tough skin 1
a: no special abilities


You were on level 2 of the Dungeon.
You were not hungry.

You visited 1 branch of the dungeon, and saw 2 of its levels.

You collected 88 gold pieces.

Inventory:

Hand Weapons
 j - a +0 mace (weapon)
Missiles
 k - a throwing net (quivered)
Armour
 a - a +0 robe (worn)
Scrolls
 d - a scroll of teleportation {unknown}
 e - a scroll of recharging {unknown}
 f - a scroll of enchant armour {unknown}
 i - 2 scrolls of identify {unknown}
Potions
 l - a potion of ambrosia {unknown}
 m - 2 potions of flight {unknown}
Books
 b - a book of Air

   Spells                             Type                      Level
   a - Shock                          Conjuration/Air              1
   b - Swiftness                      Charms/Air                   2
   c - Repel Missiles                 Charms/Air                   2
   d - Static Discharge               Conjuration/Air              3
   e - Lightning Bolt                 Conjuration/Air              5
Comestibles
 c - a bread ration
 g - 2 meat rations
 h - 4 fruits


   Skills:
 - Level 1.7 Dodging
 - Level 1.5 Stealth
 - Level 2.4 Spellcasting
 - Level 0.6 Conjurations
 + Level 1.5 Charms
 - Level 3.0 Air Magic


You had 4 spell levels left.
You knew the following spells:

 Your Spells              Type           Power        Failure   Level  Hunger
a - Shock                 Conj/Air       #...         17%         1    ##.....
b - Swiftness             Chrm/Air       #.......     21%         2    ###....


Dungeon Overview and Level Annotations

Branches:
Dungeon (2/15)

Altars:
Cheibriados


Innate Abilities, Weirdness & Mutations

You are too large for most types of armour.
You have tough skin (AC +1).


Message History

Aim: a worm (severely wounded)
The zap hits the worm.
The worm is severely wounded.
You hit the worm.
The worm is almost dead.
The worm bites you!
You barely miss the worm.
The worm is almost dead.
The worm bites you!
* * * LOW HITPOINT WARNING * * *
A rat comes into view.
The rat closely misses you.
You barely miss the rat. The rat bites you but does no damage.
The rat misses you.
You closely miss the rat. The rat bites you.
* * * LOW HITPOINT WARNING * * *
You closely miss the rat. The rat closely misses you. The worm bites you.
* * * LOW HITPOINT WARNING * * *
You closely miss the rat. The rat bites you.
You die...

#.# ## #.# #.. #.# #.# #.# #
#.####.####### .#
##...........#
#.###.##.#######.# #.#.###.#
#w# ###..# #.# #@# .....#
#.# #r# .##.## #.# ## #.# .#
.. .##... ... ..# #.# .# .#
.#######.# #.# #.### ##. #.#
.# # ##.###... ..##.# .#
#.##...##.## ..#.## .#
#........... #.#... .#
######....#.###########.....


You could see a worm and a rat.

Vanquished Creatures
  2 adders (D:2)
  An ooze (D:1)
  2 dart slugs (D:1)
  A giant gecko (D:1)
  A ball python (D:1)
  3 bats (D:1)
  2 giant cockroaches
  6 goblins
  3 hobgoblins (D:2)
  2 jackals (D:1)
  A giant newt (D:1)
  3 kobolds
  2 rats (D:2)
29 creatures vanquished.

Vanquished Creatures (others)
  4 toadstools (D:1)
4 creatures vanquished.

Grand Total: 33 creatures vanquished

Notes
Turn   | Place    | Note
--------------------------------------------------------------
     0 | D:1      | IcyTea the Ogre Air Elementalist began the quest for the Orb.
     0 | D:1      | Reached XP level 1. HP: 16/16 MP: 3/3
    51 | D:1      | Reached XP level 2. HP: 21/24 MP: 0/5
    76 | D:1      | Learned a level 2 spell: Swiftness
   485 | D:1      | Reached skill level 3 in Air Magic
   485 | D:1      | Reached XP level 3. HP: 19/31 MP: 1/6
  1009 | D:2      | Found a snail-covered altar of Cheibriados.
  1152 | D:2      | Reached skill level 1 in Charms
  1391 | D:2      | Reached XP level 4. HP: 23/39 MP: 0/7
  1467 | D:2      | HP: 1/39 [worm (6)]
  1468 | D:2      | Slain by a rat

Skill      XL: |  1  2  3 |
---------------+----------+-----
Air Magic      | 3 |  3.0
Charms         | 1 |  1.5
Dodging        | |  1.7
Stealth        | |  1.5
Spellcasting   | |  2.4
Conjurations   | |  0.6

Action                   |  1- 3 |  4- 6 || total
-------------------------+-------+-------++-------
Melee: Unarmed           |    16 |       ||    16
       Club              |    18 |       ||    18
       Mace              |    45 |     6 ||    51
 Cast: Shock             |    32 |     7 ||    39
  Use: Potion            |     3 |       ||     3
 Stab: Sleeping          |     2 |       ||     2
  Eat: Chunk             |     3 |       ||     3
Armor: Robe              |    37 |     1 ||    38
Dodge: Dodged            |    77 |     3 ||    80
